AoeStats
← Lil Fabrice

African Clearing

510333251Analyzed
4v4 RM · 2d ago on Sep 30, 2026· 47m 56s· 8 players
Game mode
Random Map
Map size
Large (8 player)
Population
200
Speed
Normal
Resources
Standard
Victory
Conquest
Starting age
Dark Age
Ending age
Imperial Age
RankedLock teamsTeams togetherTeam positionsShared explorationLock speedFull tech treeHidden civsTurbo modeCheats
Victory
Defeat
🇲🇽 Inca · Mexico
1659
+11
🇳🇴 Hindustanis · Norway
1658
+11
🇧🇷 Koreans · Brazil
1518
+16
🇨🇭 Poles · Switzerland
1449
+18
🇫🇷 Khitans · France
1567
-16
🇯🇵 Mapuche · Japan
1552
-15
🇩🇪 Bulgarians · Germany
1538
-14
🇨🇳 Cumans · China
1454
-11
JIJINz
13:20 Feudal Age
11:36 Loom
17:49 Castle Age
15:46 Double-Bit Axe
20:14 Bow Saw
23:51 Gold Mining
25:50 Horse Collar
27:35 Fletching
28:21 Heavy Plow
31:46 Wheelbarrow
30:57 Town Watch
32:43 Bodkin Arrow
33:18 Ballistics
36:44 Stone Mining
43:00 Imperial Age
40:34 Padded Archer Armor
40:57 Elite Skirmisher
42:12 Leather Archer Armor
45:05 Imperial Age
42:23 Treadmill Crane
44:15 Hand Cart
46:17 Ring Archer Armor
47:05 Chemistry
Lil Fabrice
5:08 Loom
14:40 Feudal Age
16:24 Double-Bit Axe
19:07 Castle Age
16:53 Fishing Lines
17:16 Domestication
17:32 Fletching
18:44 Padded Archer Armor
21:54 Bow Saw
23:59 Husbandry
24:26 Bodkin Arrow
29:36 Wheelbarrow
28:51 Loom
28:51 Town Watch
29:42 Wheelbarrow
32:03 Ballistics
32:01 Thumb Ring
32:57 Hand Cart
34:05 Leather Archer Armor
34:41 Heavy Cavalry Archer
35:20 Gillnets
41:08 Imperial Age
40:43 Scale Mail Armor
40:54 Forging
42:33 Parthian Tactics
42:46 Conscription
42:30 Bracer
45:16 Capped Ram
48:48 Chemistry
Bizzy
4:40 Loom
14:41 Feudal Age
23:09 Wheelbarrow
35:37 Double-Bit Axe
45:19 Fishing Lines
王德发
10:00 Loom
12:44 Feudal Age
13:21 Double-Bit Axe
19:15 Fishing Lines
25:10 Castle Age
23:42 Forging
23:38 Gold Mining
24:09 Scale Barding Armor
24:16 Bloodlines
25:31 Wheelbarrow
24:41 Town Watch
25:11 Fletching
33:01 Iron Casting
33:26 Chain Barding Armor
35:04 Horse Collar
39:12 Bodkin Arrow
41:55 Imperial Age
41:05 Gold Shaft Mining
43:09 Hand Cart
42:18 Cavalier
44:01 Blast Furnace
43:56 Plate Barding Armor
44:17 Paladin
[Nors] OG DADDY
10:43 Loom
13:36 Feudal Age
15:39 Double-Bit Axe
17:57 Castle Age
16:28 Fishing Lines
19:21 Bow Saw
19:48 Forging
19:38 Scale Mail Armor
21:49 Squires
24:09 Wheelbarrow
24:20 Chain Mail Armor
27:49 Iron Casting
27:39 Arson
31:08 Horse Collar
31:39 Bow Saw
32:47 Fletching
32:56 Town Watch
33:36 Bodkin Arrow
34:59 Ballistics
36:12 Hand Cart
36:10 Heavy Plow
37:28 Scale Barding Armor
38:34 Bloodlines
38:24 Husbandry
38:45 Chain Barding Armor
45:20 Imperial Age
47:10 Imperial Age
44:45 Padded Archer Armor
47:18 Leather Archer Armor
48:09 Bracer
Ux'Dannyechauri
9:18 Loom
12:42 Feudal Age
16:20 Castle Age
14:37 Double-Bit Axe
15:45 Scale Mail Armor
23:55 Horse Collar
24:30 Fletching
26:49 Stone Mining
27:16 Town Watch
28:08 Heavy Plow
29:27 Bow Saw
30:08 Bodkin Arrow
31:32 Gold Mining
33:46 Chain Mail Armor
34:46 Wheelbarrow
34:32 Padded Archer Armor
38:18 Imperial Age
35:30 Crossbowman
36:26 Leather Archer Armor
36:59 Forging
37:16 Masonry
37:26 Ballistics
36:47 Treadmill Crane
37:30 Thumb Ring
38:07 Hand Cart
38:58 Gold Shaft Mining
38:58 Stone Shaft Mining
39:17 Iron Casting
38:10 Elite Skirmisher
39:24 Bracer
40:43 Chemistry
40:20 Squires
39:41 Champi Runner
40:00 Arbalester
41:37 Plate Mail Armor
42:07 Blast Furnace
41:08 Champi Warrior
42:49 Blast Furnace
43:08 Coinage
42:39 Caravan
42:24 Pikeman
43:36 Conscription
43:52 Hoardings
43:19 Arson
44:29 Ring Archer Armor
44:59 Halberdier
48:28 Crop Rotation
47:29 Elite Champi Warrior
[PSCH] Reh
10:19 Loom
13:29 Feudal Age
14:40 Double-Bit Axe
16:44 Scale Barding Armor
16:55 Horse Collar
18:27 Forging
18:38 Bloodlines
23:29 Castle Age
21:23 Stone Mining
21:55 Gold Mining
22:15 Fletching
24:49 Bow Saw
25:33 Heavy Plow
28:15 Wheelbarrow
28:49 Chain Barding Armor
30:54 Scale Mail Armor
31:54 Squires
32:39 Chain Mail Armor
35:39 Iron Casting
36:41 Town Watch
38:57 Szlachta Privileges
43:47 Imperial Age
42:28 Husbandry
42:42 Bodkin Arrow
44:00 Cavalier
45:44 Blast Furnace
45:47 Crop Rotation
46:03 Hand Cart
Exe.K>K
4:04 Loom
12:47 Feudal Age
14:33 Fletching
27:35 Castle Age
27:49 Double-Bit Axe
27:45 Horse Collar
28:47 Bodkin Arrow
34:40 Wheelbarrow
33:52 Double-Bit Axe
34:31 Gold Mining
35:45 Bow Saw
37:59 Gold Shaft Mining
40:55 Imperial Age
38:41 Stone Mining
39:11 Heavy Plow
41:04 Hand Cart
41:08 Elite War Wagon
41:52 Bracer
42:39 Stone Shaft Mining
42:45 Conscription
42:45 Eupseong
43:50 Ballistics
44:26 Husbandry
43:46 Light Cavalry
44:37 Scale Mail Armor
44:48 Forging
45:24 Scale Barding Armor
45:16 Pikeman
45:56 Squires
46:23 Chain Mail Armor
46:57 Iron Casting
45:45 Hussar
48:12 Chain Barding Armor
Connection lost

Rejoining the realm…

Still unreachable

The connection could not be restored.

Session expired

The server has moved on; the page needs a fresh start.